Map: 10000 Feet LE

Players

SKillous - Winner!

  • Race: Protoss Protoss
  • League: Master
  • Spawn Location: 5:00

trigger

  • Race: Protoss Protoss
  • League: Grandmaster
  • Spawn Location: 11:00

VOD

Have the link to the VOD?

Description

Time

  • Played on: Jan. 31, 2026, 12:18 p.m.
  • Length: 12:30
Show
View Real Time Build Order
Export as new Build Order

SKillous Protoss - Winner!

Build Orders: Oracle Opening 

Get SALT Encoding   

  12  0:00  Probe  
  13  0:12  Probe  
  14  0:17  Pylon  
  14  0:24  Probe  
  15  0:32  Probe  
  15  0:37  Gateway  
  15  0:40  Probe  
  16  0:46  Assimilator  
  17  0:50  Probe  
  17  0:54  Assimilator  
  18  0:59  Probe  
  19  1:07  Probe  
  19  1:08  Gateway  
  19  1:17  Probe  
  20  1:24  Cybernetics Core  
  21  1:29  Probe  
  22  1:41  Probe, Pylon  
  23  1:59  Probe  
  23  2:01  Stalker  
  24  2:02  Stargate  
  24  2:07  Warp Gate  
  26  2:12  Pylon  
  27  2:18  Stalker  
  29  2:23  Probe  
  29  2:35  Oracle  
  29  2:36  Probe  
  30  2:48  Probe  
  34  2:59  Pylon  
  34  3:00  Probe  
  34  3:02  Shield Battery  
  39  3:08  Oracle  
  41  3:26  Probe  
  42  3:30  Robotics Facility  
  42  3:33  Gateway  
  38  3:37  Pylon  
  38  3:38  Probe  
  39  3:42  Shield Battery  
  39  3:50  Probe  
  39  3:54  Pylon  
  40  4:02  Sentry, Zealot, Probe  
  42  4:07  Pylon  
  42  4:09  Immortal  
  46  4:25  Stalker, Zealot  
  46  4:30  Stalker  
  52  4:46  Immortal  
  52  4:49  Zealot  
  58  4:58  Pylon  
  53  5:09  Adept x2  
  53  5:10  Adept  
  59  5:17  Immortal  
  63  5:34  Stalker  
  62  5:39  Probe  
  62  6:00  Nexus  
  62  6:02  Probe  
  63  6:14  Warp Prism  
  63  6:30  Oracle  
  63  6:31  Probe  
  55  6:44  Probe  
  59  6:56  Probe  
  60  7:01  Immortal  
  55  7:17  Stalker x2  
  55  7:20  Stalker  
  60  7:36  Warp Prism  
  60  7:49  Adept  
  62  7:53  Pylon  
  62  8:12  Sentry x3  
  53  8:42  Oracle  
  53  8:45  Stalker x3  
  56  9:09  Sentry  
  58  9:10  Adept  
  58  9:12  Adept  
  60  9:38  Stalker x2  
  58  9:44  Stalker  
  53  9:54  Warp Prism  
  39  10:21  Adept  
  39  10:22  Adept x2  
Show
View Real Time Build Order
Export as new Build Order

trigger Protoss 

Build Orders: Blink Stalkers 

Get SALT Encoding   

  12  0:00  Probe  
  13  0:12  Probe  
  14  0:17  Pylon  
  14  0:23  Probe  
  15  0:31  Probe  
  15  0:36  Gateway  
  15  0:39  Probe  
  16  0:45  Assimilator  
  17  0:51  Probe  
  17  0:53  Assimilator  
  18  0:59  Probe  
  19  1:07  Probe, Gateway  
  20  1:17  Probe  
  20  1:24  Cybernetics Core  
  21  1:29  Probe  
  22  1:36  Pylon  
  22  1:41  Probe  
  23  1:57  Stalker  
  23  2:00  Adept, Warp Gate  
  27  2:07  Twilight Council  
  27  2:15  Pylon, Probe  
  28  2:25  Stalker  
  30  2:30  Stalker  
  30  2:31  Blink  
  30  2:33  Probe  
  33  2:52  Pylon, Gateway  
  33  3:19  Probe  
  30  3:22  Pylon  
  30  3:31  Probe  
  31  3:45  Gateway  
  31  3:48  Stalker x3  
  37  4:15  Stalker x3  
  43  4:45  Stalker x3  
  49  4:49  Stalker  
  49  5:08  Adept x2  
  53  5:14  Probe  
  54  5:33  Nexus  
  52  5:39  Sentry x2  
  53  5:45  Stalker  
  55  6:02  Pylon  
  55  6:18  Probe  
  55  6:23  Stalker x3  
  57  6:28  Probe  
  55  6:36  Probe  
  57  6:47  Probe  
  57  6:51  Sentry  
  57  6:52  Stalker  
  61  6:59  Probe  
  58  7:07  Probe  
  58  7:08  Stalker  
  58  7:09  Probe  
  56  7:28  Probe  
  53  7:30  Probe  
  53  7:36  Probe  
  53  7:42  Probe  
  55  7:44  Probe  
  56  7:54  Probe  
  55  8:06  Probe  
  55  8:07  Probe  
  57  8:18  Probe  
  58  8:25  Probe  
  51  8:29  Stalker x2  
  51  8:31  Stalker  
  50  8:47  Stalker  
  50  8:55  Stalker  
  52  9:08  Stalker  
  52  9:09  Stalker  
  56  9:14  Probe  
  56  9:16  Probe  
  58  9:24  Stalker  
  50  9:43  Zealot  
  36  9:57  Stalker  
  36  9:59  Stalker  
Tags
 
Add a new tag
Caveats
  • Supply blocks, unpowered buildings, or Contaminate may cause inaccurate times.
  • Supply counts are checked every 10 seconds.